 Dungeon Crawl Stone Soup version 0.28.0-53-g5a82cb258f (webtiles) character file.

Game seed: 12505299978211311718

39 SNESdreamland the Ruffian (level 3, -2/36 HPs)
             Began as a Troll Berserker on Aug 8, 2022.
             Was a Believer of Trog.
             Slain by Sigmund
             ... wielding a +0 scythe
              (13 damage)
             ... on level 2 of the Dungeon.
             The game lasted 00:07:33 (771 turns).

SNESdreamland the Ruffian (Troll Berserker)          Turns: 771, Time: 00:07:34

Health: -2/36      AC:  4    Str: 27    XL:     3   Next: 28%
Magic:  2/2        EV: 10    Int:  3    God:    Trog [**....]
Gold:   56         SH:  0    Dex:  9    Spells: 2/2 levels left

rFire   . . .      SeeInvis .     - Unarmed
rCold   . . .      Faith    .   (no shield)
rNeg    . . .      Spirit   .   a - +0 animal skin
rPois   .          Reflect  .   (helmet restricted)
rElec   .          Harm     .   (no cloak)
rCorr   .          Rampage  .   (gloves unavailable)
Will    .....                   (boots unavailable)
Stlth   +.........              (no amulet)
HPRegen 0.92/turn               (no ring)
MPRegen 0.08/turn               (no ring)

@: no status effects
A: large, unfitting armour, claws 3, regeneration 1, shaggy fur 1, tough skin 1
a: Renounce Religion, Berserk, Trog's Hand


You were on level 2 of the Dungeon.
You worshipped Trog.
Trog was pleased with you.
You visited 1 branch of the dungeon, and saw 2 of its levels.

You collected 56 gold pieces.

Inventory:

Missiles
 b - 12 arrows
Armour
 a - a +0 animal skin (worn)
Jewellery
 c - an amulet of the acrobat
Scrolls
 d - a scroll of holy word {unknown}
 e - 2 scrolls of amnesia {unknown}
 h - a scroll of fog {unknown}
Potions
 f - a potion of brilliance {unknown}
 g - a potion of heal wounds {unknown}


   Skills:
 + Level 2.7 Fighting
 + Level 2.8 Dodging
 + Level 3.7 Unarmed Combat


You had 2 spell levels left.
You didn't know any spells.
Your spell library was empty.

Dungeon Overview and Level Annotations

Branches:
Dungeon (2/15)

Altars:

Annotations:
D:2 Sigmund


Innate Abilities, Weirdness & Mutations

You are too large for most types of armour.
You have claws for hands.
Your natural rate of healing is unusually fast.
You are covered in fur. (AC +1)
You have tough skin. (AC +1)


Message History

The jackal bites you but does no damage. x2
You closely miss the jackal. The jackal bites you.
The jackal barely misses you. The jackal misses you. The jackal bites you.
The jackal closely misses you. The jackal misses you.
You barely miss the jackal. The jackal bites you.
The jackal bites you but does no damage.
Something hits you. The jackal misses you.
The jackal bites you but does no damage.
The jackal closely misses you. x2
You barely miss the jackal.
The jackal bites you but does no damage. x3
The jackal bites you. Something hits you but does no damage.
You barely miss the jackal.
The jackal bites you but does no damage. x2
The jackal bites you. x3
The jackal bites you but does no damage.
You claw the jackal!
You kill the jackal!
Trog accepts your kill. The jackal completely misses you.
The jackal bites you but does no damage.
Something hits you but does no damage.
The jackal bites you but does no damage.
The jackal barely misses you.
You barely miss the jackal. You claw the jackal!
You kill the jackal!
Trog accepts your kill. The jackal bites you. Something hits you.
The jackal barely misses you. x2
You see here a jackal corpse.
You claw the jackal!
You kill the jackal!
Trog accepts your kill. The jackal bites you. Something hits you!
* * * LOW HITPOINT WARNING * * *
You claw the jackal!
You kill the jackal!
Trog accepts your kill. Something hits you!
You die...

..###..........###.....#.###....#
.. #..........# ###.....#...####
.# #..........#####.###...### .
#..........##.........##
#...........#.##.####..#
.#........#.#.##.# ##.#
#.##......##...#### #.### #.
.#######...# #...## #.@.# ###..#
. #.#†## #### #...#..######
#....#......## #............#
#...###.......# ..... #........
###... #........ #.. ##.....#.


There were no monsters in sight!

Vanquished Creatures
  An adder (D:2)
  4 ball pythons
  3 bats
  4 endoplasms
  A goblin (D:2)
  A hobgoblin (D:1)
  4 jackals (D:2)
  3 kobolds
  A quokka (D:1)
  2 frilled lizards
  4 rats
28 creatures vanquished.

Notes
Turn   | Place    | Note
-------+----------+-------------------------------------------
     0 | D:1      | SNESdreamland the Troll Berserker began the quest for the
                  | Orb.
     0 | D:1      | Reached XP level 1. HP: 22/22 MP: 0/0
   182 | D:1      | Reached XP level 2. HP: 29/29 MP: 1/1
   593 | D:2      | Reached XP level 3. HP: 35/36 MP: 2/2
   642 | D:2      | Reached ** piety under Trog
   751 | D:2      | Noticed Sigmund
   771 | D:2      | Slain by Sigmund

Illustrated notes

Levels and vault maps discovered:
D:1:      wander_arrival_abandoned_jail, layout_rooms, serial_park_tiny_2
D:2:      layout_rooms, serial_shops, nicolae_lakefront_shop, uniq_sigmund

Action                   || total
-------------------------++-------
Melee: Unarmed           ||    80
Armor: Animal skin       ||    47
Dodge: Dodged            ||    70
